 Dungeon Crawl Stone Soup version 0.28.0-53-g5a82cb258f (webtiles) character file.

Game seed: 12051057357782799480

14 Icepheonix32 the Skirmisher (level 2, -2/24 HPs)
             Began as a Demonspawn Cinder Acolyte on June 6, 2022.
             Was a High Priest of Ignis.
             Slain by a gnoll
             ... wielding a +0 spear
              (8 damage)
             ... on level 1 of the Dungeon.
             The game lasted 00:02:31 (1139 turns).

Icepheonix32 the Skirmisher (DsCA)                  Turns: 1139, Time: 00:02:32

Health: -2/24      AC:  3    Str: 14    XL:     2   Next: 27%
Magic:  3/3        EV: 11    Int: 15    God:    Ignis [*****.]
Gold:   15         SH:  0    Dex:  8    Spells: 3/3 levels left

rFire   + . .      SeeInvis .   c - +3 dagger (speed)
rCold   . . .      Faith    .   (no shield)
rNeg    . . .      Spirit   .   d - +0 leather armour
rPois   .          Reflect  .   (no helmet)
rElec   .          Harm     .   (no cloak)
rCorr   .          Rampage  .   (no gloves)
Will    .....                   (no boots)
Stlth   +.........              (no amulet)
HPRegen 0.08/turn               (no ring)
MPRegen 0.08/turn               (no ring)

@: no status effects
A: demonic touch 1
a: Renounce Religion, Fiery Armour, Foxfire Swarm, Rising Flame


You were on level 1 of the Dungeon.
You worshipped Ignis.
Ignis was extremely pleased with you.
You visited 1 branch of the dungeon, and saw 1 of its levels.

You collected 15 gold pieces.

Inventory:

Hand Weapons
 a - a -1 short sword of flaming
 c - a +3 dagger of speed (weapon)
Armour
 b - a +0 robe
 d - a +0 leather armour (worn)
Jewellery
 e - a ring of fire


   Skills:
 + Level 3.0 Fighting
 - Level 3.0 Short Blades
 * Level 0.1 Unarmed Combat
 + Level 1.0 Spellcasting
 + Level 2.9 Fire Magic


You had 3 spell levels left.
You didn't know any spells.
Your spell library contained the following spells:

 Spells                   Type           Power      Damage    Failure   Level
 Scorch                   Fire           18%        2d5       14%         2


Dungeon Overview and Level Annotations

Branches:
Dungeon (1/15)

Altars:


Innate Abilities, Weirdness & Mutations

Your touch may inflict minor irresistible damage on your foes.


Message History

No target in view!
No target in view!
No target in view!
No target in view!
No target in view!
No target in view!
You see here a quokka corpse.
Found a stone staircase leading down.
Found a chain mail.
e - a ring of fire No target in view!
Found 12 stones.
No target in view!
f - a scroll labelled QOUBEI VAYTAORETH No target in view!
As you open the door, it creaks loudly!
No target in view!
There is an open door here.
You open the door.
There is an open door here.
A gnoll comes into view. It is wielding a +0 spear.
The gnoll shouts!
A gnoll is nearby!
The gnoll hits you with a +0 spear.
You hit the gnoll.
The gnoll is moderately wounded.
The gnoll hits you with a +0 spear!
You are too injured to fight recklessly!
You hit the gnoll but do no damage.
The gnoll is moderately wounded.
The gnoll hits you with a +0 spear!
* * * LOW HITPOINT WARNING * * *
You hit the gnoll.
The gnoll is heavily wounded.
You aren't carrying any potions.
Okay, then.
As you read the scroll labelled QOUBEI VAYTAORETH, it crumbles to dust.
You feel aware of your surroundings.
It was a scroll of magic mapping.
The gnoll hits you with a +0 spear!
You die...

*#.* #.##***#.# **
*.#* ##.# #.# *,
*#.* #.## #.# ***,
*.#* ##.# #.#
********,,, **,*
#.# #.# *,,,,,,,,,,
*,,* #.####.#
**,******,,, *,**
#......# **,,,**
***, ,,*
######.#####.#.*,**
*, ,**
#.@g......**,* **
,* #######.##*,**
** **,*,** * **,**
* ***


You could see a gnoll.

Vanquished Creatures
  2 endoplasms (D:1)
  A giant cockroach (D:1)
  3 goblins (D:1)
  A hobgoblin (D:1)
  A kobold (D:1)
  A quokka (D:1)
  A ball python (D:1)
  A bat (D:1)
11 creatures vanquished.

Notes
Turn   | Place    | Note
-------+----------+-------------------------------------------
     0 | D:1      | Icepheonix32 the Demonspawn Cinder Acolyte began the quest
                  | for the Orb.
     0 | D:1      | Reached XP level 1. HP: 18/18 MP: 2/2
   529 | D:1      | Discovered your monstrous ancestry.
   529 | D:1      | Gained mutation: Your touch may inflict minor irresistible
                  | damage on your foes. [demonic ancestry]
   529 | D:1      | Reached XP level 2. HP: 8/24 MP: 3/3
  1139 | D:1      | Slain by a gnoll

Illustrated notes

Levels and vault maps discovered:
D:1:      wheals_arrival_linesprint, layout_loops_ring, grunt_decor_clamped

Skill      XL: |  1 |
---------------+----+-----
Short Blades   | 3 |  3.0
Fighting       | |  3.0
Unarmed Combat | |  0.1
Spellcasting   | |  1.0
Fire Magic     | |  2.9

Action                   || total
-------------------------++-------
Melee: Short sword       ||    43
       Dagger            ||    18
       Touch             ||     1
  Use: Potion            ||     1
       Scroll            ||     1
Armor: Robe              ||     4
Dodge: Dodged            ||    28
